 Dungeon Crawl Stone Soup version 0.24-a0-459-g225fefd530 (webtiles) character file.

Game seed: 576635394441936181

4897 vurker the Geomancer (level 10, 0/96 HPs)
             Began as a Gargoyle Earth Elementalist on June 28, 2019.
             Was a Believer of Vehumet.
             Slain by a death yak (17 damage)
             ... on level 9 of the Dungeon.
             The game lasted 00:24:29 (10604 turns).

vurker the Geomancer (Gargoyle Earth Elementalist) Turns: 10604, Time: 00:24:30

Health: 0/96       AC: 25    Str: 16    XL:     10   Next: 51%
Magic:  20/20      EV:  2    Int: 19    God:    Vehumet [**....]
Gold:   437        SH:  0    Dex: 15    Spells: 11/22 levels left

rFire    . . .     SeeInvis .   a - +10 trident of Zyub {freeze, Str+4 Dex+2}
rCold    . . .     Gourm    .   (no shield)
rNeg     + + +     Faith    .   (armour currently unavailable)
rPois    ∞         Spirit   .   (helmet currently unavailable)
rElec    .         Reflect  .   (cloak currently unavailable)
rCorr    .         Harm     .   (gloves currently unavailable)
MR       .....     NoTele   +   (boots currently unavailable)
Stlth    ++........             (no amulet)
HPRegen  0.26/turn              f - +3 ring of dexterity
MPRegen  0.17/turn              (no ring)

@: tree-form
A: negative energy resistance 1, petrification resistance, rot immunity, AC +7
a: Renounce Religion


You were on level 9 of the Dungeon.
You worshipped Vehumet.
Vehumet was pleased with you.
You were not hungry.
You were a tree.
You visited 2 branches of the dungeon, and saw 10 of its levels.

You collected 437 gold pieces.

Inventory:

Hand Weapons
 a - the +10 trident of Zyub (weapon) {freeze, Str+4 Dex+2}
   (You found it on level 5 of the Dungeon)

   It has been specially enchanted to freeze those struck by it, causing extra
   injury to most foes and up to half again as much damage against particularly
   susceptible opponents.
   It can also slow down cold-blooded creatures.
   It affects your strength (+4).
   It affects your dexterity (+2).
Missiles
 v - a throwing net (quivered) {!f}
 y - 129 stones
Armour
 c - a +0 robe (melded)
 o - a +2 helmet (melded)
   (You found it on level 3 of the Dungeon)
 s - a +0 cloak (melded)
   (You found it on level 6 of the Dungeon)
Magical Staves
 b - an uncursed staff of power {!a}
   (You found it on level 9 of the Dungeon)
Jewellery
 f - a +3 ring of dexterity (left branch)
   (You found it on level 8 of the Dungeon)
Wands
 d - a wand of iceblast (6)
   (You found it on level 6 of the Dungeon)
 i - a wand of polymorph (6)
   (You found it on level 7 of the Dungeon)
 u - a wand of paralysis (11)
   (You found it on level 6 of the Dungeon)
 w - a wand of enslavement (8)
   (You found it on level 9 of the Dungeon)
Scrolls
 g - 3 scrolls of teleportation {@r4}
 h - 3 scrolls of identify {@r1}
 l - 2 scrolls of fog
 p - a scroll of fear
 r - 2 scrolls of blinking
 t - 5 scrolls of remove curse {@r2}
Potions
 j - a potion of lignification {!q}
 k - a potion of magic
 m - 2 potions of ambrosia
 n - a potion of flight
 q - a potion of curing {@q1}
Comestibles
 e - 12 rations {!d}


   Skills:
 + Level 7.8 Fighting
 - Level 1.5 Dodging
 - Level 2.1 Stealth
 + Level 6.8 Spellcasting
 - Level 5.0 Conjurations
 - Level 0.7 Transmutations
 * Level 12.4 Earth Magic


You had 11 spell levels left.
You knew the following spells:

 Your Spells              Type           Power        Failure   Level  Hunger
a - Sandblast             Erth           ######       1%          1    None
b - Stone Arrow           Conj/Erth      #####.       1%          3    #......
q - Passwall              Tmut/Erth      ####....     1%          2    None
z - Lee's Rapid Deconstr  Erth           ######....   1%          5    #####..

Your spell library contained the following spells:

 Spells                   Type           Power        Failure   Level  Hunger
 Searing Ray              Conj           ####..       1%          2    None
 Throw Frost              Conj/Ice       ###...       5%          2    None
 Petrify                  Tmut/Erth      ####....     7%          4    ###....
 Freeze                   Ice            #...         11%         1    None
 Ozocubu's Armour         Chrm/Ice       #.......     30%         3    #......
 Throw Icicle             Conj/Ice       ###.....     36%         4    ###....
 Summon Ice Beast         Ice/Summ       #.......     71%         4    ###....


Dungeon Overview and Level Annotations

Branches:
Dungeon (9/15)             Temple (1/1) D:5            Lair (0/6) D:9
    Orc: D:9-12

Altars:
Ashenzari
Cheibriados
Dithmenos
Elyvilon
Fedhas
Gozag
Hepliaklqana
Kikubaaqudgha
Makhleb
Nemelex Xobeh
Okawaru
Qazlal
Ru
Sif Muna
Trog
Uskayaw
Vehumet
Wu Jian
Xom
Yredelemnul
Zin
The Shining One

Shops:
D:6 (

Annotations:
D:7 3 runed translucent doors, drasked's ghost, novice GnWn; galech's ghost, novice DsFi


Innate Abilities, Weirdness & Mutations

You are resistant to torment.
((Your stone body is resilient. (AC +7)))
You are immune to poison.
You resist negative energy. (rN+)
((You are resistant to electric shocks. (rElec)))
((You can survive without breathing.))
You are immune to petrification.
You are immune to rotting.


Message History

Really quaff
j - 2 potions of lignification {!q}?
Really quaff the potion of lignification?
You turn into a tree.
Your +0 cloak melds into your body.
Your +2 helmet melds into your body.
Your +0 robe melds into your body.
Your roots penetrate the ground.
The death yak gores you.
You hit the death yak. You freeze the death yak.
The death yak completely misses you.
The death yak gores you but does no damage.
You puncture the death yak! You freeze the death yak.
You kill the death yak!
Vehumet accepts your kill.
You puncture the death yak! You freeze the death yak.
The death yak gores you but does no damage.
You hit the death yak. You freeze the death yak.
The death yak gores you but does no damage.
The death yak gores you.
* * * LOW HITPOINT WARNING * * *
You don't have the energy to cast that spell.
You don't have the energy to cast that spell.
You don't have the energy to cast that spell.
You hit the death yak but do no damage.
The death yak gores you but does no damage.
You hit the death yak but do no damage. The death yak gores you.
* * * LOW HITPOINT WARNING * * *
You barely miss the death yak. The death yak gores you!
* * * LOW HITPOINT WARNING * * *
You are confused.
You feel invigorated. The death yak gores you.
* * * LOW HITPOINT WARNING * * *
You cannot move. (Use ctrl+direction or * direction to attack without moving.)
You eat one of the 13 rations {!d}.
That ration really hit the spot!
The death yak gores you but does no damage.
You're too confused to cast spells.
You're too confused to cast spells.
You cannot move. (Use ctrl+direction or * direction to attack without moving.)
You cannot move. (Use ctrl+direction or * direction to attack without moving.)
You cannot move. (Use ctrl+direction or * direction to attack without moving.)
You cannot move. (Use ctrl+direction or * direction to attack without moving.)
You feel better.
You feel less invigorated. The death yak gores you!
* * * LOW HITPOINT WARNING * * *
You hit the death yak but do no damage. The death yak gores you!
* * * LOW HITPOINT WARNING * * *
The death yak barely misses you.
Aim: a yak (severely wounded)
Okay, then.
You feel better. The death yak gores you!
* * * LOW HITPOINT WARNING * * *
Okay, then.
You feel better. The death yak gores you!
You die...

#..#......#.#########
##.#......#.# #... .#
.#.#........###.###.#
.#....#...........#.#
.#....#....#####....#
.#....#.... ##.### ......#....
#.# ......###########.#
#.'#+###......YY♣.#
.............##################
.............####..Y..........#
........#..Y†|Y.#Y###Y######.##
.......##...###.#...#...<#...#
.........÷).# #.###.#.####.###
##.>..#..Y..# #.###.#......#
.....#YYY...# #.....######.#
.......Y.....######## ###


You could see a death yak and a yak.

Vanquished Creatures
  A death yak (D:9)
  Prince Ribbit (D:6)
  A hippogriff (D:8)
  Sigmund (D:5)
  5 yaks (D:9)
  A hungry ghost (D:8)
  An ice beast (D:8)
  2 orc warriors
  A black bear (D:8)
  A phantom (D:6)
  4 centaurs
  4 bullfrogs
  2 scorpions
  11 killer bees
  A howler monkey (D:5)
  An electric eel (D:7)
  2 crimson imps
  A bullfrog zombie (D:5)
  4 jellies
  6 orc priests
  5 hounds
  4 orc wizards
  Jessica (D:2)
  An iguana (D:5)
  A worker ant (D:6)
  A killer bee zombie (D:8)
  2 hound zombies (D:6)
  A hound skeleton (D:5)
  A howler monkey zombie (D:7)
  7 gnolls
  A worker ant zombie (D:7)
  11 adders
  3 shadow imps
  7 oozes
  3 adder skeletons
  4 worms
  3 dart slugs
  4 leopard geckos
  26 orcs
  2 ball pythons (D:3)
  7 bats
  11 giant cockroaches
  5 goblins
  7 hobgoblins
  9 jackals
  6 quokkas
  6 frilled lizards
  10 kobolds
  9 rats
209 creatures vanquished.

Notes
Turn   | Place    | Note
-------+----------+-------------------------------------------
     0 | D:1      | vurker the Gargoyle Earth Elementalist began the quest for
                  | the Orb.
     0 | D:1      | Reached XP level 1. HP: 10/10 MP: 3/3
   195 | D:1      | Reached skill level 4 in Earth Magic
   195 | D:1      | Reached XP level 2. HP: 16/16 MP: 5/5
   208 | D:1      | Learned a level 2 spell: Passwall
   572 | D:1      | Reached skill level 1 in Fighting
   572 | D:1      | Reached XP level 3. HP: 15/20 MP: 0/6
   581 | D:1      | Learned a level 3 spell: Stone Arrow
  1300 | D:2      | Noticed Jessica
  1308 | D:2      | Killed Jessica
  1308 | D:2      | Reached skill level 1 in Conjurations
  1308 | D:2      | Reached XP level 4. HP: 23/25 MP: 3/7
  1576 | D:2      | Reached skill level 5 in Earth Magic
  2648 | D:3      | Reached XP level 5. HP: 30/30 MP: 5/9
  2674 | D:3      | Found a glowing drain.
  3298 | D:3      | Reached XP level 6. HP: 34/36 MP: 2/10
  4122 | D:3      | Reached skill level 6 in Earth Magic
  4463 | D:4      | Reached XP level 7. HP: 38/41 MP: 1/11
  5015 | D:5      | Entered Level 5 of the Dungeon
  5377 | D:5      | Reached skill level 7 in Earth Magic
  5585 | D:5      | Got an iridescent trident
  5586 | D:5      | Identified the +10 trident of Zyub {freeze, Str+4 Dex+2}
                  | (You found it on level 5 of the Dungeon)
  5616 | D:5      | Found an iron altar of Okawaru.
  5637 | D:5      | Found an ornate altar of the Wu Jian Council.
  5988 | D:5      | Found a staircase to the Ecumenical Temple.
  5996 | D:5      | Noticed Sigmund
  6008 | Temple   | Entered the Ecumenical Temple
  6214 | Temple   | Became a worshipper of Vehumet
  6245 | D:5      | Killed Sigmund
  6245 | D:5      | Reached skill level 5 in Conjurations
  6245 | D:5      | Reached XP level 8. HP: 48/48 MP: 9/13
  6390 | D:6      | Learned a level 5 spell: Lee's Rapid Deconstruction
  6426 | D:6      | Found Bucosiw's Antique Weapon Shop.
  6512 | D:6      | Reached skill level 8 in Earth Magic
  6771 | D:6      | Noticed Prince Ribbit
  6776 | D:6      | Killed Prince Ribbit
  6786 | D:6      | Reached skill level 5 in Fighting
  6962 | D:6      | Reached skill level 9 in Earth Magic
  6977 | D:6      | Reached * piety under Vehumet
  6977 | D:6      | Offered knowledge of Freeze by Vehumet.
  7227 | D:6      | Reached XP level 9. HP: 51/54 MP: 16/16
  7367 | D:6      | Reached skill level 5 in Spellcasting
  7718 | D:7      | Reached skill level 10 in Earth Magic
  7748 | D:7      | Found a runed translucent gate.
  7759 | D:7      | Found a runed translucent gate.
  7759 | D:7      | Found a runed translucent gate.
  7763 | D:7      | Noticed drasked's ghost (novice GnWn)
  7763 | D:7      | Noticed galech's ghost (novice DsFi)
  8552 | D:8      | Reached ** piety under Vehumet
  8659 | D:8      | Offered knowledge of Searing Ray by Vehumet.
  8659 | D:8      | Reached skill level 11 in Earth Magic
  8987 | D:8      | Found a bloodstained altar of Trog.
  9234 | D:8      | Reached XP level 10. HP: 42/61 MP: 19/19
  9530 | D:9      | Noticed a death yak
  9783 | D:9      | Found a staircase to the Lair.
  9848 | D:9      | Noticed a death yak
  9852 | D:9      | Noticed a death yak
 10581 | D:9      | Reached skill level 12 in Earth Magic
 10593 | D:9      | Killed a death yak
 10604 | D:9      | Slain by a death yak

Levels and vault maps discovered:
D:1:      nicolae_arrival_memento_mori, layout_basic
D:2:      layout_basic, uniq_jessica
D:3:      layout_basic, portal_sewer_entry_a
D:4:      layout_cave_pools, first_ration
D:5:      layout_rooms, okawaru_gym_becter, minmay_temple_entry_nine_rooms,
          basic_altar, hangedman_decor_points, uniq_sigmund
D:6:      layout_basic, serial_shops, nicolae_shop_window_shopping,
          uniq_prince_ribbit1
D:7:      layout_loops_ring, gammafunk_ghost_cemetery, kennysheep_generic_room_2
D:8:      nicolae_whirlpool, layout_loops_ring, basic_altar,
          hangedman_little_slice_of_home
D:9:      layout_basic, dpeg_lair_monsters, minmay_crystal_water,
          hangedman_glass_teeth
Temple:   compressed_dpeg_triangle_lava_temple

Skill      XL: |  1  2  3  4  5  6  7  8  9 10 |
---------------+-------------------------------+-----
Earth Magic    | 4 5 6 7 9 11 12 | 12.4
Fighting       | 1 2 3 5 6 7 |  7.8
Conjurations   | 1 2 3 5 |  5.0
Spellcasting   | 3 4 6 |  6.8
Dodging        | |  1.5
Stealth        | |  2.1
Transmutations | |  0.7

Action                   |  1- 3 |  4- 6 |  7- 9 | 10-12 || total
-------------------------+-------+-------+-------+-------++-------
Melee: Unarmed           |    11 |       |       |       ||    11
       Dagger            |    50 |   164 |    49 |       ||   263
       Trident           |       |       |   131 |    26 ||   157
 Cast: Sandblast         |    27 |    63 |    99 |    25 ||   214
       Stone Arrow       |       |       |     9 |       ||     9
       Lee's Rapid Decon |       |       |     2 |     4 ||     6
Evoke: Wand              |       |       |     2 |       ||     2
  Use: Potion            |       |     1 |     1 |     6 ||     8
       Scroll            |       |     7 |    12 |     2 ||    21
 Stab: Sleeping          |     1 |     6 |     7 |       ||    14
  Eat: Chunk             |     2 |     9 |     8 |       ||    19
       Ration            |       |       |     3 |     2 ||     5
Armor: Robe              |    28 |    43 |   126 |     8 ||   205
       Skin              |       |       |       |     5 ||     5
Dodge: Dodged            |    44 |   109 |   201 |    16 ||   370

Table legend:
 A = Non-vault XP
 B = Vault XP
 C = Vault XP percentage of total XP
 D = Non-vault monster count
 E = Vault monster count
 F = Vault count percentage of total count
                 A         B        C        D         E       F
            +---------+---------+-------+---------+---------+-------
      Total |    4263 |    2733 |  39.1 |     186 |      23 |  11.0
            +---------+---------+-------+---------+---------+-------
        D:1 |      54 |       0 |   0.0 |      24 |       0 |   0.0
        D:2 |      48 |      37 |  43.5 |      14 |       1 |   6.7
        D:3 |     340 |       7 |   2.0 |      42 |       4 |   8.7
        D:4 |     227 |       0 |   0.0 |      14 |       0 |   0.0
        D:5 |     389 |     212 |  35.3 |      22 |       1 |   4.3
        D:6 |    1314 |     286 |  17.9 |      32 |       1 |   3.0
        D:7 |     500 |       3 |   0.6 |      13 |       1 |   7.1
        D:8 |     999 |     280 |  21.9 |      13 |       9 |  40.9
        D:9 |     392 |    1908 |  83.0 |      12 |       6 |  33.3
            +---------+---------+-------+---------+---------+-------
